 Dungeon Crawl Stone Soup version 0.29-a0-321-gf1c400731a (webtiles) character file.

Game seed: 10715636144191852153

176 Murumi the Magician (level 5, 0/39 HPs)
             Began as a Djinni Arcane Marksman on Apr 3, 2022.
             Slain by a hobgoblin
             ... wielding a +0 club
              (2 damage)
             ... on level 3 of the Dungeon.
             The game lasted 00:11:06 (3244 turns).

Murumi the Magician (Djinni Arcane Marksman)        Turns: 3244, Time: 00:11:07

Health: 0/39       AC:  4    Str: 15    XL:     5   Next: 86%
Gold:   126        EV: 12    Int: 15    God:
                   SH:  0    Dex: 15

rFire   + + .      SeeInvis .   a - +4 short sword
rCold   x . .      Faith    .   (no shield)
rNeg    . . .      Spirit   .   g - +1 leather armour
rPois   ∞          Reflect  .   (no helmet)
rElec   .          Harm     .   p - scarf {+Inv}
rCorr   .          Rampage  .   (no gloves)
Will    .....                   (boots unavailable)
Stlth   ++........              (no amulet)
HPRegen 0.13/turn               b - +6 ring of strength
MPRegen 0.00/turn               (no ring)

@: flying
A: sickness immunity, fire resistance 2, cold vulnerability 1, float, innate
caster, HP casting, extra vitality 1
a: Evoke Invisibility


You were on level 3 of the Dungeon.
You visited 1 branch of the dungeon, and saw 3 of its levels.

You collected 126 gold pieces.

Inventory:

Hand Weapons
 a - a +4 short sword (weapon)
 f - a +0 hand crossbow
Armour
 g - a +1 leather armour (worn)
 i - a +0 ring mail
 p - a scarf of invisibility (worn)
Jewellery
 b - a +6 ring of strength (left hand)
Wands
 m - a wand of flame (18)
Scrolls
 c - a scroll of vulnerability
 h - a scroll of immolation
Potions
 e - a potion of berserk rage {unknown}
 j - 2 potions of lignification {unknown}
 k - a potion of cancellation {unknown}
 l - 3 potions of heal wounds {unknown}
 n - a potion of might {unknown}
 o - a potion of attraction {unknown}
 q - a potion of mutation {unknown}


   Skills:
 + Level 2.6 Fighting
 - Level 2.0 Crossbows
 - Level 1.0 Armour
 - Level 3.0 Dodging
 - Level 2.0 Stealth
 - Level 3.0 Spellcasting
 - Level 1.0 Evocations


You couldn't memorise any spells.
You knew the following spells:

 Your Spells              Type           Power      Damage    Failure   Level
a - Slow                  Hex            44%        N/A       7%          1
b - Inner Flame           Hex/Fire       11%        N/A       22%         3
c - Portal Projectile     Hex/Tloc       22%        N/A       22%         3
d - Cause Fear            Hex            5%         N/A       56%         4
e - Magic Dart            Conj           44%        1d5       7%          1
f - Blink                 Tloc           22%        N/A       11%         2
Your spell library was empty.

Dungeon Overview and Level Annotations

Branches:
Dungeon (3/15)

Altars:
Vehumet


Innate Abilities, Weirdness & Mutations

You are immune to sickness and miasma.
You are immune to poison.
Your flesh is very heat resistant. (rF++)
You are vulnerable to cold. (rC-)
You float through the air rather than walking.
You learn spells naturally, not from books.
Your magical power is your life essence.
You have superior vitality. (+4 MHP)


Message History

The hobgoblin hits you with a +0 club. The hobgoblin barely misses you.
You barely miss the hobgoblin.
The hobgoblin is severely wounded.
The hobgoblin hits you with a +0 club. The hobgoblin barely misses you.
You puncture the hobgoblin!
You kill the hobgoblin!
The hobgoblin hits you but does no damage.
You closely miss the hobgoblin. The hobgoblin hits you with a +0 club.
The hobgoblin closely misses you.
You closely miss the hobgoblin. The hobgoblin hits you with a +0 club.
The hobgoblin hits you but does no damage.
You hit the hobgoblin.
The hobgoblin is heavily wounded.
The hobgoblin hits you with a +0 club. The hobgoblin closely misses you.
The hobgoblin hits you with a +0 club. x2
* * * LOW HITPOINT WARNING * * *
You are too injured to fight recklessly!
You hit the hobgoblin.
You kill the hobgoblin!
The hobgoblin closely misses you.
You puncture the hobgoblin!
You kill the hobgoblin!
You hit the goblin.
You kill the goblin!
You hit the hobgoblin but do no damage. The hobgoblin closely misses you.
You barely miss the hobgoblin. The hobgoblin closely misses you. x2
You barely miss the hobgoblin.
The hobgoblin hits you but does no damage. x2
You hit the hobgoblin.
The hobgoblin is heavily wounded.
The hobgoblin hits you with a +0 club.
* * * LOW HITPOINT WARNING * * *
The hobgoblin hits you with a +0 club.
* * * LOW HITPOINT WARNING * * *
You barely miss the hobgoblin.
The hobgoblin is heavily wounded.
The hobgoblin hits you with a +0 club.
* * * LOW HITPOINT WARNING * * *
The hobgoblin hits you with a +0 club.
You die...

#≈≈≈.≈.≈..≈≈≈.≈≈≈≈≈.≈.≈.≈≈≈≈.≈
#≈≈≈≈≈≈≈≈≈≈≈≈≈≈≈≈≈≈≈≈≈≈≈≈≈≈≈≈≈
#≈≈≈≈≈≈≈≈≈≈≈≈≈≈≈≈≈≈≈≈≈≈≈≈≈≈≈≈≈
#≈≈≈≈≈≈≈≈≈#####≈≈≈≈≈≈≈≈≈≈≈≈≈≈≈
#≈≈≈≈≈≈≈≈≈#.. ################
#≈≈≈≈≈≈≈≈≈#.. #..............#
#≈≈≈≈≈≈≈≈≈#.. #.............))
##≈≈≈≈≈≈≈≈##g##..............#
#≈≈≈≈≈≈≈≈≈#g@....########....
#≈≈≈≈≈≈≈≈≈#......# #....
##≈≈≈≈≈≈≈≈#.....)########....
#≈≈≈≈≈≈≈##+##..)...).......#
##≈≈≈≈≈≈# #...)).........+
#≈≈≈≈≈≈# #..............#
##≈≈≈≈≈# ################
##≈≈≈≈#####≈≈≈≈≈≈≈≈≈≈≈≈≈≈≈
####≈≈≈≈≈≈≈≈≈≈≈≈≈≈≈≈≈≈≈≈≈


You could see 2 hobgoblins.

Vanquished Creatures
  Crazy Yiuf (D:2)
  2 gnolls (D:3)
  3 adders
  A worm (D:3)
  A dart slug (D:1)
  5 ball pythons
  9 bats
  10 endoplasms
  A giant cockroach (D:2)
  18 goblins
  13 hobgoblins
  4 jackals (D:2)
  A quokka (D:2)
  2 frilled lizards
  6 kobolds
  6 rats
83 creatures vanquished.

Notes
Turn   | Place    | Note
-------+----------+-------------------------------------------
     0 | D:1      | Murumi the Djinni Arcane Marksman began the quest for the
                  | Orb.
     0 | D:1      | Reached XP level 1. HP: 17/17 MP: 0/0
   201 | D:1      | Reached XP level 2. HP: 22/22 MP: 0/0
   402 | D:1      | Found a faded altar of an unknown god.
   418 | D:1      | Reached XP level 3. HP: 20/27 MP: 0/0
   418 | D:1      | Learned a level 1 spell: Magic Dart
  1095 | D:2      | Reached XP level 4. HP: 28/32 MP: 0/0
  1263 | D:2      | Reached skill level 1 in Stealth
  1390 | D:2      | Found a runed translucent door.
  1391 | D:2      | Noticed Crazy Yiuf
  2169 | D:2      | Killed Crazy Yiuf
  2170 | D:2      | Reached skill level 1 in Armour
  2170 | D:2      | Reached skill level 1 in Evocations
  2170 | D:2      | Reached XP level 5. HP: 23/38 MP: 0/0
  2170 | D:2      | Learned a level 2 spell: Blink
  3244 | D:3      | Slain by a hobgoblin

Illustrated notes

Levels and vault maps discovered:
D:1:      minmay_arrival_stone_box, layout_basic,
          shapermc_ecumenical_altar_rom_forum,
          nicolae_concentric_dashed_squares_wild
D:2:      layout_rooms, basic_altar, grunt_decor_mini_mirrors,
          uniq_crazy_yiuf_cottage
D:3:      minmay_goblin_kobold_castle, layout_basic, kennysheep_nub

Skill      XL: |  1  2  3  4  5 |
---------------+----------------+-----
Crossbows      | 2 |  2.0
Spellcasting   | 3 |  3.0
Dodging        | 3 |  3.0
Stealth        | 1 2 |  2.0
Fighting       | 2 |  2.6
Armour         | 1 |  1.0
Evocations     | 1 |  1.0

Action                   |  1- 3 |  4- 6 || total
-------------------------+-------+-------++-------
Melee: Short sword       |    21 |    83 ||   104
       Punch             |       |     2 ||     2
 Fire: Hand crossbow     |    64 |    69 ||   133
 Cast: Slow              |       |    11 ||    11
  Use: Scroll            |     6 |     4 ||    10
       Potion            |       |     5 ||     5
Armor: Robe              |     1 |       ||     1
       Leather armour    |     9 |    28 ||    37
Dodge: Dodged            |    21 |    62 ||    83

Table legend: (Time is in decaauts)
 A = Elapsed time spent in this place.
 B = Non-inter-level travel time spent in this place.
 C = Inter-level travel time spent in this place.
 D = Time resting spent in this place.
 E = Time spent auto-exploring this place.
 F = Levels seen in this place.
 G = Mean time per level.
                   A        B        C        D        E       F      G
               +--------+--------+--------+--------+--------+-----+--------+
         Total |   3295 |   3164 |    131 |    298 |   2239 |   3 | 1098.3 |
       Dungeon |   3295 |   3164 |    131 |    298 |   2239 |   3 | 1098.3 |
               +--------+--------+--------+--------+--------+-----+--------+

Top non-repeatable levels by time:
     D:1: 1322 daAuts
     D:2: 1064 daAuts
     D:3: 909 daAuts
